 Dungeon Crawl Stone Soup version 0.31.0-12-g77e489cdc1 (webtiles) character file.

Game seed: 773552545770255666

1745 monsoonserge the Thaumaturge (level 9, -12/56 HPs)
             Began as a Djinni Fire Elementalist on Feb 22, 2024.
             Was a Follower of Elyvilon.
             Mangled by Edmund
             ... wielding a +3 flail of protection
              (13 damage)
             ... on level 6 of the Dungeon.
             The game lasted 00:15:25 (4633 turns).

monsoonserge the Thaumaturge (DjFE)                 Turns: 4633, Time: 00:15:25

Health: -12/56     AC:  3    Str:  7    XL:     9   Next: 26%
Gold:   241        EV: 13    Int: 22    God:    Elyvilon [*.....] SH:  0 Dex: 13

rFire   + . .        t - +0 quarterstaff
rCold   . . .        (shield currently unavailable)
rNeg    . . .        a - +0 robe
rPois   ∞            (no helmet)
rElec   .            (no cloak)
rCorr   .            m - +0 pair of gloves
SInv    .            (boots unavailable)
Will    +....        w - amulet of the acrobat
Stlth   ++           J - ring of ice
HPRegen 0.29/turn    (no ring)
MPRegen 0.00/turn

%: acrobat, infuse magic (-13 HP)
@: enlightened, flying
A: sickness immunity, fire resistance 2, cold vulnerability 1, float, innate
caster, HP casting, extra vitality 1
a: Renounce Religion, Purification


You were on level 6 of the Dungeon.
You worshipped Elyvilon.
Elyvilon was aware of your devotion.
You visited 1 branch of the dungeon, and saw 6 of its levels.

You collected 241 gold pieces.

Inventory:

Hand Weapons
 q - a +0 whip of electrocution
 t - a +0 quarterstaff (weapon)
 G - a +0 whip of flaming
Missiles
 f - a throwing net
Armour
 a - a +0 robe (worn)
 m - a +0 pair of gloves (worn)
 v - a +0 ring mail
 E - a +0 leather armour
 H - a +2 robe of willpower
Jewellery
 w - an amulet of the acrobat (around neck)
 J - a ring of ice (left hand)
Talismans
 p - a granite talisman
Wands
 A - a wand of mindburst (10)
 C - a wand of flame (10)
 D - a wand of roots (8)
 F - a wand of polymorph (9)
Scrolls
 b - a scroll of noise {unknown}
 c - 3 scrolls of poison {unknown}
 d - a scroll of enchant armour {unknown}
 e - 2 scrolls of fear
 h - a scroll of blinking {unknown}
 k - 2 scrolls of teleportation {unknown}
 n - a scroll of torment {unknown}
 s - a scroll of amnesia {unknown}
 u - a scroll of brand weapon {unknown}
 y - 2 scrolls of identify {unknown}
 B - a scroll of vulnerability {unknown}
 I - 2 scrolls of enchant weapon {unknown}
Potions
 g - 2 potions of haste
 i - a potion of lignification {unknown}
 j - a potion of curing {unknown}
 l - a potion of enlightenment
 o - a potion of mutation {unknown}
 r - a potion of might {unknown}
 x - a potion of heal wounds {unknown}
 z - a potion of resistance {unknown}


   Skills:
 + Level 0.5 Fighting
 + Level 3.5 Dodging
 - Level 2.0 Stealth
 * Level 9.0 Spellcasting
 * Level 9.0 Conjurations
 * Level 9.0 Hexes
 * Level 9.0 Summonings
 * Level 9.0 Necromancy
 * Level 9.0 Translocations
 * Level 9.0 Fire Magic
 * Level 9.0 Ice Magic
 * Level 9.0 Air Magic
 * Level 9.0 Earth Magic
 * Level 9.0 Alchemy
 + Level 1.3 Invocations
 + Level 1.0 Evocations


You knew the following spells:

 Your Spells              Type           Power      Damage    Failure   Level
a - Foxfire               Conj/Fire      100%       2x1d9     1%          1
b - Scorch                Fire           98%        2d9       1%          2
c - Volatile Blastmotes   Fire/Tloc      98%        2d18      1%          3
d - Inner Flame           Hex/Fire       49%        N/A       1%          3
e - Flame Wave            Conj/Fire      49%        2d12      1%          4
f - Necrotise             Necr           100%       1d9       1%          1
g - Ensorcelled Hibernat  Hex/Ice        100%       N/A       1%          2
h - Teleport Other        Tloc           49%        N/A       1%          3
i - Summon Lightning Spi  Summ/Air       49%        N/A       1%          4
Your spell library was empty.

Dungeon Overview and Level Annotations

Branches:
Dungeon (6/15)
 Temple: D:4-7

Altars:
Elyvilon
Fedhas
Ru
Wu Jian
Yredelemnul

Annotations:
D:6 Edmund


Innate Abilities, Weirdness & Mutations

You are immune to sickness and miasma.
You are immune to poison.
Your flesh is very heat resistant. (rF++)
You are vulnerable to cold. (rC-)
You float through the air rather than walking.
You learn spells naturally, not from books.
Your magical power is your life essence.
You have superior vitality. (+4 MHP)


Message History

You are knocked back by the blast.
You see here a +0 giant spiked club.
Casting: Volatile Blastmotes (safe; 1% risk of failure)
Confirm with . or Enter, or press ? or * to list all spells.
Flames lash Edmund.
Edmund is severely wounded.
Edmund's fire resistance burns away.
Casting: Scorch (safe; 1% risk of failure)
Confirm with . or Enter, or press ? or * to list all spells.
Flames lash Edmund.
Edmund is severely wounded.
You hear a bark!
Edmund closely misses you.
Casting: Scorch (safe; 1% risk of failure)
Confirm with . or Enter, or press ? or * to list all spells.
Flames lash Edmund.
Edmund is burned terribly!
Edmund is almost dead.
Edmund hits you with a +3 flail of protection!
Casting: Scorch (safe; 1% risk of failure)
Confirm with . or Enter, or press ? or * to list all spells.
Flames lash Edmund but do no damage.
Edmund hits you with a +3 flail of protection!
Casting: Scorch (safe; 1% risk of failure)
Confirm with . or Enter, or press ? or * to list all spells.
Flames lash Edmund but do no damage.
* * * LOW HITPOINT WARNING * * *
Edmund hits you with a +3 flail of protection.
* * * LOW HITPOINT WARNING * * *
Casting: Scorch (safe; 1% risk of failure)
Confirm with . or Enter, or press ? or * to list all spells.
Flames lash Edmund.
Edmund is burned terribly!
Edmund is almost dead.
* * * LOW HITPOINT WARNING * * *
Edmund hits you with a +3 flail of protection!
* * * LOW HITPOINT WARNING * * *
It was a potion of enlightenment.
You feel more buoyant.
Edmund hits you with a +3 flail of protection!
You die...
Edmund whines, "They better pay attention to me now!"

####### ....... #
.......## ####.####.
........####.<.......
.........h@@.##.#####
......>.###### #
......[.# # ##......#
.# #.....###### ..###
#..........#.....#
#......h..<.......
#......?..........
#...........O.s...


You could see Edmund (combustible) and a hound.

Vanquished Creatures
  Pikel (D:5)
  Sigmund (D:3)
  Menkaure (D:5)
  A black bear (D:5)
  An ogre (D:6)
  An ice beast (D:5)
  A lemure (D:5)
  A bullfrog (D:5)
  2 scorpions
  A howler monkey (D:5)
  2 bombardier beetles (D:5)
  A hound (D:5)
  An iguana (D:4)
  A sleepcap (D:4)
  Ijyb (D:3)
  Terence (D:2)
  Natasha (thrice) (D:3)
  An orc wizard (D:6)
  7 gnolls (D:5)
  6 adders
  A shadow imp (D:5)
  4 dart slugs
  A ribbon worm (D:2)
  4 orcs
  10 ball pythons
  8 endoplasms
  6 giant cockroaches
  10 goblins
  8 hobgoblins
  3 jackals (D:1)
  2 quokkas
  8 bats
  8 frilled lizards
  6 kobolds
  5 rats
119 creatures vanquished.

Vanquished Creatures (others)
  A hobgoblin (D:3)
  307 foxfires
308 creatures vanquished.

Grand Total: 427 creatures vanquished

Notes
Turn   | Place    | Note
-------+----------+-------------------------------------------
     0 | D:1      | monsoonserge the Djinni Fire Elementalist began the quest
                  | for the Orb.
     0 | D:1      | monsoonserge set off with the following spells memorised:
                  | Foxfire, Scorch, Volatile Blastmotes, Inner Flame, Flame
                  | Wave.
     0 | D:1      | Reached XP level 1. HP: 15/15 MP: 0/0
    74 | D:1      | Reached XP level 2. HP: 14/21 MP: 0/0
   372 | D:1      | Reached XP level 3. HP: 17/25 MP: 0/0
   372 | D:1      | Learned a level 1 spell: Necrotise
  1090 | D:2      | Reached XP level 4. HP: 27/31 MP: 0/0
  1286 | D:2      | Found an ornate altar of the Wu Jian Council.
  1286 | D:2      | Noticed Terence
  1297 | D:2      | Killed Terence
  1321 | D:2      | Reached XP level 5. HP: 24/35 MP: 0/0
  1321 | D:2      | Learned a level 2 spell: Ensorcelled Hibernation
  1585 | D:3      | Noticed Natasha
  1588 | D:3      | Killed Natasha
  1998 | D:3      | Noticed Natasha
  2003 | D:3      | Killed Natasha
  2076 | D:3      | Noticed Sigmund
  2098 | D:4      | Reached XP level 6. HP: 36/40 MP: 0/0
  2197 | D:4      | Reached skill level 5 in Spellcasting
  2197 | D:4      | Reached skill level 5 in Conjurations
  2197 | D:4      | Reached skill level 5 in Hexes
  2197 | D:4      | Reached skill level 5 in Summonings
  2197 | D:4      | Reached skill level 5 in Necromancy
  2197 | D:4      | Reached skill level 5 in Translocations
  2197 | D:4      | Reached skill level 5 in Fire Magic
  2197 | D:4      | Reached skill level 5 in Ice Magic
  2197 | D:4      | Reached skill level 5 in Air Magic
  2197 | D:4      | Reached skill level 5 in Earth Magic
  2197 | D:4      | Reached skill level 5 in Alchemy
  2596 | D:4      | Found a blossoming altar of Fedhas.
  3025 | D:3      | Noticed Natasha
  3028 | D:3      | Killed Natasha
  3029 | D:3      | Reached skill level 1 in Evocations
  3029 | D:3      | Reached XP level 7. HP: 42/45 MP: 0/0
  3029 | D:3      | Learned a level 3 spell: Teleport Other
  3132 | D:3      | Noticed Ijyb
  3140 | D:3      | Killed Ijyb
  3227 | D:3      | Found a white marble altar of Elyvilon.
  3237 | D:3      | Became a worshipper of Elyvilon the Healer
  3388 | D:3      | Killed Sigmund
  3681 | D:5      | Entered Level 5 of the Dungeon
  3765 | D:5      | Noticed Menkaure
  3770 | D:5      | Killed Menkaure
  3771 | D:5      | Reached XP level 8. HP: 46/51 MP: 0/0
  3956 | D:5      | Found a sacrificial altar of Ru.
  4025 | D:5      | Noticed Pikel
  4040 | D:5      | Killed Pikel
  4041 | D:5      | Reached XP level 9. HP: 3/56 MP: 0/0
  4041 | D:5      | Learned a level 4 spell: Summon Lightning Spire
  4298 | D:5      | Found a basalt altar of Yredelemnul.
  4310 | D:5      | Reached * piety under Elyvilon
  4332 | D:5      | Noticed a troll
  4333 | D:5      | Noticed a two-headed ogre
  4447 | D:6      | Noticed Edmund
  4452 | D:5      | Reached skill level 1 in Invocations
  4632 | D:6      | HP: 1/56 [Edmund/+3 flail of protection (9)]
  4633 | D:6      | Mangled by Edmund

Illustrated notes

Levels and vault maps discovered:
D:1:      dpeg_arrival_leaves_temple_mockup, layout_basic, hex_tiny,
          corexii_leaking_fountain, chequers_serial_rivers_micro_c,
          minmay_vboxes
D:2:      layout_rooms, basic_altar, uniq_terence
D:3:      layout_loops_corners, elyvilon_altar_4, uniq_natasha, uniq_sigmund,
          uniq_ijyb
D:4:      layout_loops_ring, marbit_many_paths
D:5:      layout_basic, nicolae_ru_sacrificial_ziggurat, kennysheep_mini,
          lightli_corner_chamber, uniq_pikel, uniq_menkaure
D:6:      layout_rooms, nicolae_overflow_hidden_temple,
          minmay_a_box_with_orc_wizards_in_it, uniq_edmund

Skill      XL: |  1  2  3  4  5  6  7  8  9 |
---------------+----------------------------+-----
Stealth        | 2 |  2.0
Dodging        | 3 |  3.5
Spellcasting   | 4 5 6 8 9 |  9.0
Conjurations   | 4 5 6 8 9 |  9.0
Hexes          | 4 5 6 8 9 |  9.0
Summonings     | 4 5 6 8 9 |  9.0
Necromancy     | 4 5 6 8 9 |  9.0
Translocations | 4 5 6 8 9 |  9.0
Fire Magic     | 4 5 6 8 9 |  9.0
Ice Magic      | 4 5 6 8 9 |  9.0
Air Magic      | 4 5 6 8 9 |  9.0
Earth Magic    | 4 5 6 8 9 |  9.0
Alchemy        | 4 5 6 8 9 |  9.0
Evocations     | 1 |  1.0
Invocations    | 1 |  1.3
Fighting       | |  0.5

Action                     |  1- 3 |  4- 6 |  7- 9 || total
---------------------------+-------+-------+-------++-------
  Melee: Unarmed           |     1 |       |       ||     1
         Dagger            |     3 |       |       ||     3
         Short sword       |       |     1 |       ||     1
   Cast: Foxfire           |    62 |    65 |    48 ||   175
         Scorch            |     6 |    37 |    30 ||    73
         Necrotise         |       |     2 |       ||     2
         Flame Wave        |       |       |     1 ||     1
         Volatile Blastmot |       |       |     2 ||     2
    Use: Scroll            |     1 |       |       ||     1
         Potion            |       |       |     2 ||     2
   Stab: Sleeping          |     2 |     1 |       ||     3
 Armour: Robe              |     5 |    11 |    15 ||    31
  Dodge: Dodged            |     6 |     5 |     6 ||    17
